 Dungeon Crawl Stone Soup version 0.26-a0-682-g294304f6e8 (webtiles) character file.

Game seed: 10412144766361805769

(classic levelgen) 87 EnegeticOcto the Chiller (level 4, -4/27 HPs)
             Began as a Halfling Ice Elementalist on Oct 21, 2020.
             Was an Initiate of Cheibriados.
             Slain by a scorpion (9 damage)
             ... on level 5 of the Dungeon.
             The game lasted 00:04:44 (667 turns).

EnegeticOcto the Chiller (Halfling Ice Elementalist) Turns: 667, Time: 00:04:44

Health: -4/27      AC:  2    Str: 10    XL:     4   Next: 80%
Magic:  2/6        EV: 15    Int: 15    God:    Cheibriados [......]
Gold:   39         SH:  0    Dex: 15    Spells: 2/6 levels left

rFire    . . .     SeeInvis .   d - +0 hunting sling
rCold    . . .     Faith    .   (shield restricted)
rNeg     . . .     Spirit   .   a - +0 robe
rPois    .         Reflect  .   (no helmet)
rElec    .         Harm     .   (no cloak)
rCorr    .         Rampage  .   (no gloves)
MR       .....                  (no boots)
Stlth    ++........             (no amulet)
HPRegen  0.09/turn              (no ring)
MPRegen  0.10/turn              (no ring)

@: very slow
A: small, mutation resistance 1
a: Bend Time, Renounce Religion


You were on level 5 of the Dungeon.
You worshipped Cheibriados.
Cheibriados was noncommittal.
You visited 2 branches of the dungeon, and saw 7 of its levels.

You collected 39 gold pieces.

Inventory:

Hand Weapons
 d - a +0 hunting sling (weapon)
 h - a +0 long sword
Missiles
 e - 34 stones (quivered)
 f - 18 sling bullets
Armour
 a - a +0 robe (worn)
 n - a +0 kite shield
Wands
 k - a wand of paralysis (9)
Scrolls
 c - a scroll of enchant weapon {unknown}
 g - 2 scrolls of identify {unknown}
 j - a scroll of remove curse {unknown}
 l - a scroll of teleportation {unknown}
Potions
 b - a potion of curing {@q1 !q}
 i - a potion of degeneration {unknown}
 m - a potion of stabbing {unknown}


   Skills:
 + Level 3.0 Slings
 - Level 2.1 Dodging
 - Level 2.1 Stealth
 - Level 1.5 Spellcasting
 + Level 5.3 Ice Magic


You had 2 spell levels left.
You knew the following spells:

 Your Spells              Type           Power        Failure   Level
a - Freeze                Ice            ###.         2%          1
b - Frozen Ramparts       Ice            ###...       8%          3

Your spell library contained the following spells:

 Spells                   Type           Power        Failure   Level
 Ozocubu's Armour         Ice            ###.....     8%          3
 Hailstorm                Conj/Ice       #.......     61%         4
 Summon Ice Beast         Ice/Summ       #.......     61%         4


Dungeon Overview and Level Annotations

Branches:
Dungeon (6/15)             Temple (1/1) D:5

Altars:
Ashenzari
Cheibriados
Gozag
Makhleb
Qazlal
Sif Muna
The Shining One

Annotations:
D:5 1 runed translucent door, EnegeticOcto's ghost, novice HaEE


Innate Abilities, Weirdness & Mutations

You are small and have problems with some larger weapons.
You are somewhat resistant to further mutation.


Message History

The ufetubus barely misses you.
The ufetubus resists.
The wall freezes the ufetubus.
You kill the ufetubus!
Cheibriados appreciates the change of pace.
Your Slings skill increases to level 3!
The frozen ramparts melt away.
You see here a stone.
You are too injured to fight recklessly!
You are too injured to fight recklessly!
Casting: Freeze (safe; 2% risk of failure)
Confirm with . or Enter, or press ? or * to list all spells.
Aiming: Freeze (safe; 2% risk of failure)
Press: ? - help, Shift-Dir - straight line, f - jackal
Aim: a jackal You freeze the jackal.
The jackal is severely wounded.
The jackal closely misses you.
Firing (i - inventory. (/) - cycle)
e - 46 stones (quivered)
Press: ? - help, Shift-Dir - straight line, f/p - jackal
Aim: a jackal (severely wounded)
You shoot a stone. The stone hits the jackal.
You kill the jackal!
Cheibriados appreciates the change of pace.
A scorpion comes into view.
The jackal misses you.
Firing (i - inventory. (/) - cycle)
e - 45 stones (quivered)
Press: ? - help, Shift-Dir - straight line, f - jackal
Aim: a jackal You shoot a stone.
The stone hits the jackal.
The jackal is lightly wounded.
The jackal barely misses you.
Firing (i - inventory. (/) - cycle)
e - 44 stones (quivered)
Press: ? - help, Shift-Dir - straight line, f/p - jackal
Aim: a jackal (lightly wounded)
You shoot a stone. The stone closely misses the jackal.
The stone barely misses the scorpion.
The jackal barely misses you. The jackal misses you.
Firing (i - inventory. (/) - cycle)
e - 43 stones (quivered)
Press: ? - help, Shift-Dir - straight line, f/p - jackal
Aim: a jackal (lightly wounded)
You shoot a stone. The stone hits the jackal.
The jackal is heavily wounded.
The jackal bites you.
Firing (i - inventory. (/) - cycle)
e - 42 stones (quivered)
Press: ? - help, Shift-Dir - straight line, f/p - jackal
Aim: a jackal (heavily wounded)
You shoot a stone.
The stone hits the jackal but does no damage.
The jackal is heavily wounded.
The jackal bites you.
* * * LOW HITPOINT WARNING * * *
The jackal barely misses you.
Firing (i - inventory. (/) - cycle)
e - 41 stones (quivered)
Press: ? - help, Shift-Dir - straight line, f/p - jackal
Aim: a jackal (heavily wounded)
You shoot a stone.
The stone hits the jackal but does no damage.
The jackal is heavily wounded.
The jackal bites you.
* * * LOW HITPOINT WARNING * * *
Firing (i - inventory. (/) - cycle)
e - 40 stones (quivered)
Press: ? - help, Shift-Dir - straight line, f/p - jackal
Aim: a jackal (heavily wounded)
You shoot a stone.
The stone hits the jackal but does no damage.
The jackal is heavily wounded.
The jackal misses you.
Firing (i - inventory. (/) - cycle)
e - 39 stones (quivered)
Press: ? - help, Shift-Dir - straight line, f/p - jackal
Aim: a jackal (heavily wounded)
You shoot a stone. The stone barely misses the jackal.
The stone barely misses the scorpion.
The jackal barely misses you. The jackal bites you.
* * * LOW HITPOINT WARNING * * *
Firing (i - inventory. (/) - cycle)
e - 38 stones (quivered)
Press: ? - help, Shift-Dir - straight line, f/p - jackal
Aim: a jackal (heavily wounded)
You shoot a stone. The stone closely misses the jackal.
The stone closely misses the scorpion.
The jackal bites you but does no damage.
Firing (i - inventory. (/) - cycle)
e - 37 stones (quivered)
Press: ? - help, Shift-Dir - straight line, f/p - jackal
Aim: a jackal (heavily wounded)
You shoot a stone. The stone misses the jackal.
The stone hits the scorpion.
The scorpion is moderately wounded.
The jackal misses you. The jackal barely misses you.
Firing (i - inventory. (/) - cycle)
e - 36 stones (quivered)
Press: ? - help, Shift-Dir - straight line, f/p - jackal
Aim: a jackal (heavily wounded)
You shoot a stone. The stone barely misses the jackal.
The stone barely misses the scorpion.
The jackal misses you.
Firing (i - inventory. (/) - cycle)
e - 35 stones (quivered)
Press: ? - help, Shift-Dir - straight line, f/p - jackal
Aim: a jackal (heavily wounded)
You shoot a stone. The stone hits the jackal.
You kill the jackal!
Cheibriados thoroughly appreciates the change of pace.
The sentinel's mark upon you fades away.
The scorpion stings you!
You die...

# # ....... #
..^....### ###
.......+.# #
..#####
.......#.###.# #
......+
(......+>..#.##.##
#.####
.......##........#
#
?......##..#.##..#
...$
.((.$.(s@....#
#.##
...######..###
#....# #.##.####..
#..........#
###.#####.## ...
.#.## #.#.#


You could see a scorpion.

Vanquished Creatures
  A hound (D:6)
  A worker ant (D:5)
  An ufetubus (D:5)
  2 oozes (D:2)
  A dart slug (D:1)
  3 leopard geckos
  2 orcs
  2 jackals (D:5)
  A ball python (D:3)
  2 bats (D:2)
  A rat (D:3)
17 creatures vanquished.

Notes
Turn   | Place    | Note
-------+----------+-------------------------------------------
     0 | D:1      | EnegeticOcto the Halfling Ice Elementalist began the quest
                  | for the Orb.
     0 | D:1      | Reached XP level 1. HP: 11/11 MP: 3/3
    86 | D:2      | Reached XP level 2. HP: 17/17 MP: 0/4
   193 | D:4      | Noticed a scorpion
   259 | D:5      | Entered Level 5 of the Dungeon
   309 | D:5      | Found a runed translucent door.
   310 | D:5      | Noticed EnegeticOcto's ghost (novice HaEE)
   380 | D:5      | Found a staircase to the Ecumenical Temple.
   389 | Temple   | Entered the Ecumenical Temple
   440 | Temple   | Became a worshipper of Cheibriados the Contemplative
   546 | D:6      | Reached XP level 3. HP: 15/21 MP: 1/5
   555 | D:6      | Learned a level 3 spell: Frozen Ramparts
   567 | D:6      | Reached skill level 2 in Slings
   567 | D:6      | Reached skill level 5 in Ice Magic
   567 | D:6      | Reached XP level 4. HP: 4/27 MP: 0/6
   652 | D:5      | Reached skill level 3 in Slings
   667 | D:5      | Slain by a scorpion

Illustrated notes

Levels and vault maps discovered:
D:1:      minmay_arrival_hallway, layout_loops_ring
D:2:      layout_loops_ring, gammafunk_temple_overflow_wave, uniq_terence,
          uniq_sigmund
D:3:      layout_basic, minmay_misc_feat_diagonals
D:4:      old_forge, layout_basic, minitemple, portal_sewer_entry_d
D:5:      layout_basic, lemuel_coloured_pillars_altar, temple_pool_b,
          ebering_ghost_sewer_f
D:6:      layout_rooms, serial_shops, shop
Temple:   nicolae_temple_figure_zero

Skill      XL: |  1  2  3  4 |
---------------+-------------+-----
Slings         | 2 3 |  3.0
Ice Magic      | 5 |  5.3
Dodging        | |  2.1
Stealth        | |  2.1
Spellcasting   | |  1.5

Action                   |  1- 3 |  4- 6 || total
-------------------------+-------+-------++-------
Melee: Unarmed           |     8 |       ||     8
 Fire: Hunting sling     |       |    14 ||    14
 Cast: Freeze            |    24 |     4 ||    28
       Frozen Ramparts   |       |     1 ||     1
  Use: Potion            |       |     1 ||     1
Armor: Robe              |     4 |     2 ||     6
Dodge: Dodged            |    43 |    15 ||    58

Table legend: (Time is in decaauts)
 A = Elapsed time spent in this place.
 B = Non-inter-level travel time spent in this place.
 C = Inter-level travel time spent in this place.
 D = Time resting spent in this place.
 E = Time spent auto-exploring this place.
 F = Levels seen in this place.
 G = Mean time per level.
                   A        B        C        D        E       F      G
               +--------+--------+--------+--------+--------+-----+--------+
         Total |    716 |    680 |     36 |      0 |      0 |   7 |  102.3 |
       Dungeon |    653 |    617 |     36 |      0 |      0 |   6 |  108.8 |
        Temple |     63 |     63 |      0 |      0 |      0 |   1 |   63.0 |
               +--------+--------+--------+--------+--------+-----+--------+

Top non-repeatable levels by time:
     D:5: 289 daAuts
     D:2: 113 daAuts
     D:6: 106 daAuts
     D:4: 65 daAuts
  Temple: 63 daAuts
     D:3: 53 daAuts
     D:1: 25 daAuts
